 Dungeon Crawl Stone Soup version 0.30.1-4-g462c640d31 (webtiles) character file.

Game seed: 13264768910499210780

568 cheesebisquit the Cutter (level 7, 0/38 HPs)
             Began as a Vine Stalker Fighter on Sept 5, 2023.
             Slain by an ogre
             ... wielding a +0 giant spiked club
              (9 damage)
             ... on level 5 of the Dungeon on Sept 7, 2023.
             The game lasted 00:10:55 (3788 turns).

cheesebisquit the Cutter (Vine Stalker Fighter)     Turns: 3788, Time: 00:10:56

Health: 0/38       AC:  9    Str: 18    XL:     7   Next: 33%
Magic:  0/8        EV:  7    Int: 10    God:
Gold:   282        SH:  5    Dex: 18    Spells: 6/6 levels left

rFire   + . .        u - +2 dagger (venom)
rCold   x . .        c - +0 buckler
rNeg    . . .        n - +1 chain mail "Doathroic" {rC- Dex+4}
rPois   .            (no helmet)
rElec   .            (no cloak)
rCorr   .            (no gloves)
SInv    .            (no boots)
Will    .....        (no amulet) Stlth
                     o - ring of protection from fire
HPRegen 1.06/turn    (no ring)
MPRegen 0.11/turn

%: guardian spirit
@: mighty, slowed, very slow
A: fangs 2, regeneration 1, magic shield, antimagic bite, no potion heal 2
a: no special abilities


You were on level 5 of the Dungeon.
You visited 1 branch of the dungeon, and saw 5 of its levels.

You collected 282 gold pieces.

Inventory:

Hand Weapons
 a - a +0 rapier
 u - a +2 dagger of venom (weapon)
Missiles
 j - 2 boomerangs (quivered)
Armour
 b - a +0 scale mail
 c - a +0 buckler (worn)
 n - the +1 chain mail "Doathroic" (worn) {rC- Dex+4}
   (You found it on level 2 of the Dungeon)

   Dex:       It affects your dexterity (+4).
   rC:        It makes you vulnerable to cold.
Jewellery
 o - a ring of protection from fire (left hand)
 p - an amulet of magic regeneration
Wands
 e - a wand of paralysis (6)
Scrolls
 d - 2 scrolls of vulnerability
 i - a scroll of butterflies
 k - a scroll of fear
 q - 2 scrolls of poison
 r - a scroll of amnesia {unknown}
 s - a scroll of silence {unknown}
Potions
 f - a potion of mutation
 h - a potion of resistance
 l - a potion of heal wounds
 m - a potion of brilliance
 t - 2 potions of curing
 v - a potion of might


   Skills:
 + Level 4.3 Fighting
 * Level 5.2 Short Blades
 - Level 2.4 Armour
 + Level 4.3 Shields


You had 6 spell levels left.
You didn't know any spells.
Your spell library contained the following spells:

 Spells                   Type           Power      Damage    Failure   Level
 Ensorcelled Hibernation  Hex/Ice        0%         N/A       100%        2
 Passwall                 Tmut/Erth      0%         N/A       100%        2
 Swiftness                Air            0%         N/A       100%        3


Dungeon Overview and Level Annotations

Branches:
Dungeon (5/15)
 Temple: D:4-7

Altars:
Hepliaklqana
Trog
Vehumet


Innate Abilities, Weirdness & Mutations

You have extremely sharp teeth.
Your natural rate of healing is unusually fast.
When hurt, damage is shared between your health and your magic reserves.
Your bite disrupts and absorbs the magic of your enemies.
Potions cannot restore your health.


Message History

You hit the wraith but do no damage. Your bite misses the wraith.
The wraith barely misses you.
You feel very mighty all of a sudden. The wraith hits you but does no damage.
You hit the wraith but do no damage. Your bite misses the wraith.
The wraith hits you. The wraith drains your vigour!
You feel as though you will be slow longer.
You closely miss the wraith. The wraith hits you!
The wraith drains your vigour!
You feel as though you will be slow longer.
The wraith hits you!
You are confused.
Your system rejects the healing.
You feel invigorated. The wraith hits you but does no damage.
You hit the wraith. You bite the wraith. You drain its power.
You feel invigorated.
The wraith is moderately damaged.
The wraith barely misses you. The wraith hits you!
The wraith drains your vigour!
You feel as though you will be slow longer.
You bump into the rock wall.
The wraith hits you!
* * * LOW HITPOINT WARNING * * *
An ogre comes into view. It is wielding a +0 giant spiked club.
The ogre shouts!
The wraith barely misses you. The wraith closely misses you.
You bump into the rock wall.
You feel less invigorated.
You feel less confused. The wraith hits you but does no damage.
You block the wraith's attack.
You hit the wraith.
The wraith is heavily damaged.
You block the wraith's attack.
You barely miss the wraith. Your bite misses the wraith.
The wraith is heavily damaged.
The wraith hits you!
* * * LOW HITPOINT WARNING * * *
The wraith drains your vigour!
You feel as though you will be slow longer.
The ogre hits you with a +0 giant spiked club!
You die...

#.###.........# #<#
#.........# #
#######.###.........#
#.#...................#
#...........##........#
#...........##........#
#...........##........#
.####.O....######.#...
#......W@...# ....
...#####.#### .. # ....
....... ###.#.##. ..#.#
.# .###.# # #. #.#


You could see a wraith and an ogre.

Vanquished Creatures
  A centaur (D:3)
  2 phantoms
  3 hounds
  An orc priest (D:4)
  A sleepcap (D:4)
  An iguana (D:3)
  3 gnolls
  6 adders
  4 worms
  4 orcs (D:4)
  5 ball pythons
  10 bats
  7 endoplasms
  7 giant cockroaches
  2 goblins (D:2)
  7 hobgoblins
  4 jackals (D:4)
  7 kobolds
  3 quokkas
  5 frilled lizards
  A rat (D:1)
84 creatures vanquished.

Notes
Turn   | Place    | Note
-------+----------+-------------------------------------------
     0 | D:1      | cheesebisquit the Vine Stalker Fighter began the quest for
                  | the Orb.
     0 | D:1      | Reached XP level 1. HP: 11/11 MP: 2/2
   174 | D:1      | Reached skill level 2 in Short Blades
   240 | D:1      | Reached XP level 2. HP: 16/16 MP: 3/3
   877 | D:1      | Reached XP level 3. HP: 19/19 MP: 4/4
  1171 | D:2      | Reached skill level 3 in Short Blades
  1171 | D:2      | Gained mutation: Your natural rate of healing is unusually
                  | fast. [Vine Stalker growth]
  1171 | D:2      | Reached XP level 4. HP: 20/24 MP: 5/5
  1259 | D:2      | Identified the +1 chain mail "Doathroic" {rC- Dex+4}
  1531 | D:2      | Found a faded altar of an unknown god.
  1873 | D:3      | Noticed a centaur
  2207 | D:3      | Reached XP level 5. HP: 28/28 MP: 6/6
  2505 | D:3      | Killed a centaur
  2506 | D:3      | Reached skill level 4 in Short Blades
  2506 | D:3      | Reached XP level 6. HP: 30/33 MP: 7/7
  2605 | D:3      | Found a bloodstained altar of Trog.
  2605 | D:3      | Found a radiant altar of Vehumet.
  2607 | D:3      | Found a hazy altar of Hepliaklqana.
  3255 | D:4      | Reached XP level 7. HP: 34/37 MP: 8/8
  3713 | D:5      | Entered Level 5 of the Dungeon
  3737 | D:5      | Reached skill level 5 in Short Blades
  3772 | D:5      | Noticed a wraith
  3788 | D:5      | Slain by an ogre

Illustrated notes

Levels and vault maps discovered:
D:1:      nzn_arrival_settlement, layout_loops_corners,
          chequers_serial_rivers_room_a
D:2:      minmay_chambers_of_ones, layout_loops_ring,
          hellmonk_ecumenical_altar_lost_god
D:3:      layout_basic, gammafunk_temple_overflow_claw, nicolae_grassy_gnolls
D:4:      layout_basic, chequers_serial_rivers_micro_d, minmay_misc_feat_x,
          chequers_serial_rivers_room_a
D:5:      layout_basic, cheibriados_altar_1, minmay_temple_entry_large_hall,
          portal_sewer_entry_e, enter_ossuary_3, serial_shops, shop

Skill      XL: |  1  2  3  4  5  6  7 |
---------------+----------------------+-----
Short Blades   | 2 3 4 5 |  5.2
Shields        | 3 4 |  4.3
Fighting       | 3 4 |  4.3
Armour         | |  2.4

Action                     |  1- 3 |  4- 6 |  7- 9 || total
---------------------------+-------+-------+-------++-------
  Melee: Dagger            |    75 |   177 |    29 ||   281
         Rapier            |     3 |       |       ||     3
         Bite              |    13 |    68 |     6 ||    87
  Throw: Boomerang         |       |    12 |    19 ||    31
    Use: Potion            |       |     1 |     2 ||     3
         Scroll            |       |    13 |     1 ||    14
 Armour: Scale mail        |    33 |     1 |       ||    34
         Chain mail        |       |    89 |     7 ||    96
  Dodge: Dodged            |    33 |    52 |     9 ||    94
  Block: Buckler           |    14 |    42 |     7 ||    63
